 Dungeon Sprint DCSS version 0.24.0-1-gfbc8707 (webtiles) character file.

Game seed: 620941804870132692, levelgen mode: deterministic

50293 Fang the Warrior (level 14, -12/162 HPs)
             Began as a Gargoyle Berserker on Nov 6, 2019.
             Was the Champion of Trog.
             Mangled by a shard shrike (glowing shapeshifter) (19 damage)
             ... in the Dungeon (Sprint V: "Ziggurat Sprint").
             The game lasted 00:08:26 (1904 turns).

Fang the Warrior (Gargoyle Berserker)               Turns: 1904, Time: 00:08:26

Health: -12/162    AC: 44    Str: 34    XL:     14   Next: 54%
Magic:  11/23      EV: 12    Int: 14    God:    Trog [******]
Gold:   0          SH: 26    Dex:  7    Spells: 13/13 levels left

rFire    . . .     SeeInvis +   B - +11 war axe "Hydraslayer" {chaos, *Corrode rElec rPois Str+7}
rCold    + . .     Gourm    .   E - +18 shield of the Gong {rElec rN+ MR+ EV-5}
rNeg     + + +     Faith    .   b - +15 Maxwell's patent armour {-Cast -Tele rElec MR+ rCorr}
rPois    ∞         Spirit   .   (no helmet)
rElec    +         Reflect  .   (no cloak)
rCorr    +         Harm     .   (no gloves)
MR       +++..     NoTele   +   (no boots) Stlth ..........NoCast +
                                x - amulet of Obby {Acrobat rF+ Int+4 Dex-2 SInv}
HPRegen  0.37/turn              J - ring "Gukhlos" {*Corrode rElec MP+9 EV+5 SInv}
MPRegen  0.18/turn              I - ring of Jyguen {Ice rElec rN++ Str-2 Slay+4}

@: berserking, studying 2 skills, very quick
A: big wings, negative energy resistance 1, electricity resistance, unbreathing,
petrification resistance, rot immunity, AC +10
a: Fly, Berserk, Trog's Hand, Brothers in Arms, Renounce Religion


You were in the Dungeon.
You worshipped Trog.
Trog was exalted by your worship.
You were hungry.

You visited 1 branch

Inventory:

Hand Weapons
 a - a +5 broad axe of flaming
 B - the +11 war axe "Hydraslayer" (weapon) {chaos, *Corrode rElec rPois Str+7}
   (Trog gifted it to you in the Dungeon)

   Each time it hits an enemy it has a different, random effect.
   It affects your strength (+7).
   It insulates you from electricity.
   It protects you from poison.
   It may corrode you when you take damage.
 C - a +1 executioner's axe of chopping
Armour
 b - the +15 Maxwell's patent armour (worn) {-Cast -Tele rElec MR+ rCorr}
   (You found it in the Dungeon)

   It insulates you from electricity.
   It affects your resistance to hostile enchantments.
   It prevents spellcasting.
   It prevents most forms of teleportation.
   It provides partial protection from all sources of acid and corrosion.
 E - the +18 shield of the Gong (worn) {rElec rN+ MR+ EV-5}
   (You found it in the Dungeon)

   It affects your evasion (-5).
   It insulates you from electricity.
   It protects you from negative energy.
   It affects your resistance to hostile enchantments.
 N - the +9 scales of the Dragon King {rPois rF+ rC+ MR+}
   (You found it in the Dungeon)

   It protects you from fire.
   It protects you from cold.
   It protects you from poison.
   It affects your resistance to hostile enchantments.
Jewellery
 o - an uncursed amulet of rage
 x - the amulet of Obby (around neck) {Acrobat rF+ Int+4 Dex-2 SInv}
   (You found it in the Dungeon)

   [amulet of the acrobat]

   It helps you evade while moving and waiting.
   It affects your intelligence (+4).
   It affects your dexterity (-2).
   It protects you from fire.
   It lets you see invisible.
 y - an uncursed ring of stealth
 z - the ring "Purhifimn" {Wiz Str-2 Dex+9 Stlth-}
   (You found it in the Dungeon)

   [ring of wizardry]

   It improves your spell success rate.
   It affects your strength (-2).
   It affects your dexterity (+9).
   It makes you less stealthy.
 A - the amulet of the Four Winds {rN+ MR+++ Clar}
   (You found it in the Dungeon)

   [amulet of nothing]

   It protects you from negative energy.
   It affects your resistance to hostile enchantments.
   It protects you against confusion.
 D - the ring of Agnosticism {*Drain Str+6 Int+2 SInv}
   (You found it in the Dungeon)

   [ring of strength]

   It affects your strength (+6).
   It affects your intelligence (+2).
   It lets you see invisible.
   It causes draining when unequipped.
 I - the ring of Jyguen (right hand) {Ice rElec rN++ Str-2 Slay+4}
   (You found it in the Dungeon)

   [ring of ice]

   It enhances your ice magic.
   It affects your strength (-2).
   It affects your accuracy and damage with ranged weapons and melee attacks
   (+4).
   It makes you vulnerable to fire.
   It protects you from cold.
   It insulates you from electricity.
   It greatly protects you from negative energy.
 J - the ring "Gukhlos" (left hand) {*Corrode rElec MP+9 EV+5 SInv}
   (You found it in the Dungeon)

   [ring of evasion]

   It affects your evasion (+5).
   It insulates you from electricity.
   It affects your magic capacity (+9).
   It lets you see invisible.
   It may corrode you when you take damage.
 K - the ring "Zuaczix" {rC+ rCorr Int+4}
   (You found it in the Dungeon)

   [ring of resist corrosion]

   It affects your intelligence (+4).
   It protects you from cold.
   It provides partial protection from all sources of acid and corrosion.
 L - the ring of Imalubas {rElec Int+3}
   (You found it in the Dungeon)

   [ring of intelligence]

   It affects your intelligence (+3).
   It insulates you from electricity.
 Y - the ring "Pephozac" {+Fly rElec MR+ Str+5 Int-3 Dex+2}
   (You found it in the Dungeon)

   [ring of strength]

   It affects your strength (+5).
   It affects your intelligence (-3).
   It affects your dexterity (+2).
   It insulates you from electricity.
   It affects your resistance to hostile enchantments.
   It lets you fly.
 Z - the ring of Alaojenn {rElec AC+6 Int-2 Dex+4}
   (You found it in the Dungeon)

   [ring of protection]

   It affects your AC (+6).
   It affects your intelligence (-2).
   It affects your dexterity (+4).
   It insulates you from electricity.
Wands
 u - a wand of disintegration (7)
 v - a wand of iceblast (7)
 w - a wand of acid (7)
Scrolls
 g - 4 scrolls of enchant armour
 i - 4 scrolls of blinking
 j - 7 scrolls of fog
 k - a scroll of holy word
 l - 3 scrolls of identify
 m - 5 scrolls of remove curse
 n - 2 scrolls of fear
 R - a scroll of brand weapon
Potions
 d - 10 potions of curing
 e - 14 potions of heal wounds
 f - 18 potions of haste
 h - 3 potions of berserk rage
 p - 2 potions of invisibility
 q - 4 potions of resistance
 r - a potion of experience
 s - 5 potions of agility
 t - 5 potions of might
Books
 M - a manual of Short Blades
 U - a manual of Evocations
Comestibles
 c - 5 rations
 Q - 4 chunks of flesh


   Skills:
 + Level 20.6 Fighting
 + Level 19.3 Axes
 + Level 20.5 Armour
 + Level 16.5 Dodging


You had 13 spell levels left.
You didn't know any spells.
Your spell library was empty.

Dungeon Overview and Level Annotations

Branches:
Dungeon (1/1)

Altars:
Ashenzari
Cheibriados
Dithmenos
Elyvilon
Fedhas
Gozag
Hepliaklqana
Kikubaaqudgha
Makhleb
Nemelex Xobeh
Okawaru
Qazlal
Ru
Sif Muna
Trog
Uskayaw
Vehumet
Wu Jian
Xom
Yredelemnul
Zin
The Shining One
Beogh
Jiyva
Lugonu


Innate Abilities, Weirdness & Mutations

You are resistant to torment.
Your stone body is resilient. (AC +10)
You are immune to poison.
Your large and strong wings let you fly indefinitely.
You resist negative energy. (rN+)
You are resistant to electric shocks. (rElec)
You can survive without breathing.
You are immune to petrification.
You are immune to rotting.


Message History

BOUMMMMG!
The quicksilver dragon claws you but does no damage.
You block the swamp dragon's attack.
SHROANNG!
You block the swamp dragon's attack.
PTOANNNG!
The swamp dragon tramples you but does no damage.
You are too injured to fight recklessly!
You slice the meliai!!
The meliai is blasted with air!
The meliai is almost dead.
You hit the juggernaut. You slash the swamp dragon!
Lightning courses through the swamp dragon!
You slice the cyclops!! You slash the shard shrike!
The shard shrike looks as sick as possible!
You slash the quicksilver dragon! You drain the quicksilver dragon.
You slice the titan!!
The titan's magic leaks into the air.
You barely miss the faun. The shard shrike claws you.
* * * LOW HITPOINT WARNING * * *
The shard shrike freezes you!! You resist.
You die...

▓..[..)|)
..:[|}}%.=")|..▓........
..)|:):%|=)}?..▓........
......:[[......▓........
........=......▓........
..S....Y.k.....▓........
.....wCHG.s....▓........
.....GcyC≈≈....▓........
.....DC@Dm.....▓......|.
......DbC......▓......).
...▓.......▓...▓......©.
. ▓▓.....▓▓ .▓▓▓▓▓▓▓▓▓
...▓.......▓...▓.....8©8
...............▓..)[|[}|
.......©.......▓..})}}}.
▓▓▓▓▓▓▓▓▓▓▓▓▓▓▓▓........
▓...)....


You could see an iron giant shaped shifter, a juggernaut, a titan shaped
shifter, a shard shrike (invisible), a quicksilver dragon shaped shifter, a
death yak shaped shifter, a death drake shaped shifter, 2 swamp dragon shaped
shifters, an eye of devastation shaped shifter, a faun shaped shifter, a cyclops
shaped shifter, a mana viper shaped shifter, an orb spider shaped shifter, a
water nymph shaped shifter, a harpy shaped shifter, a swamp worm shaped shifter,
a meliai shaped shifter and a floating eye shaped shifter.

Vanquished Creatures
  A greater mummy (D)
  An acid blob (D)
  2 tentacled starspawn (D)
  An azure jelly (D)
  A balrug (D)
  2 ghost moths (D)
  3 ghouls (D)
  A green draconian (D)
  2 entropy weavers (D)
  A reaper (D)
  2 mummy priests (D)
  2 death oozes (D)
  2 great orbs of eyes (D)
  A satyr (shapeshifter) (D)
  2 soul eaters (D)
  2 thrashing horrors (D)
  2 skeletal warriors (D)
  2 hell knights (D)
  A large abomination (D)
  A glowing orange brain (D)
  A necromancer (D)
  A wolf spider (D)
  A shining eye (D)
  A slime creature (D)
  A wolf spider (shapeshifter) (D)
  5 draconians (D)
  2 cyclopes (shapeshifter) (D)
  2 moths of wrath (D)
  5 black mambas (D)
  An eye of devastation (D)
  3 naga magi (D)
  A spiny frog (shapeshifter) (D)
  A hellion (D)
  A tormentor (D)
  6 demonic crawlers (D)
  An ancient zyme (D)
  2 guardian mummies (D)
  A red devil (D)
  A troll (shapeshifter) (D)
  5 hornets (D)
  9 jumping spiders (D)
  A flying skull (D)
  2 shadows (D)
  5 redbacks (D)
  4 tarantellas (D)
  A golden eye (D)
  2 wraiths (D)
  A naga (D)
  An insubstantial wisp (D)
  4 small abominations (D)
  6 water moccasins (D)
  2 hell hounds (D)
  A porcupine (D)
  2 floating eyes (D)
  A sky beast (D)
  2 necrophages (D)
  2 bullfrogs (D)
  A scorpion (D)
  4 wights (D)
  3 crimson imps (D)
  4 quasits (D)
  10 starcursed masses (D)
  10 jellies (D)
  An iron imp (D)
  6 mummies (D)
  4 adders (D)
  3 shadow imps (D)
  2 white imps (D)
  2 ufetubi (D)
  2 oozes (D)
  3 adder zombies (D)
  An adder skeleton (D)
  A spectral bat (D)
  2 bat skeletons (D)
  4 bat zombies (D)
  A jackal (D)
  3 ball pythons (D)
  2 ball python zombies (D)
  2 giant cockroach zombies (D)
  A jackal skeleton (D)
  4 leopard gecko zombies (D)
  2 quokka zombies (D)
  A lurking horror (D)
  5 starspawn tentacles (D)
204 creatures vanquished.

Vanquished Creatures (others)
  A quasit (D)
  3 bat skeletons (D)
  4 starspawn tentacles (D)
8 creatures vanquished.

Grand Total: 212 creatures vanquished

Notes
Turn   | Place    | Note
-------+----------+-------------------------------------------
     0 | D        | Fang the Gargoyle Berserker began the quest for the Orb.
     0 | D        | Reached XP level 1. HP: 14/14 MP: 1/1
     0 | D        | Found a blossoming altar of Fedhas.
     1 | D        | Found the +6 Majin-Bo {vamp, Archmagi MP+6 Int+6}
     1 | D        | Found the +7 great mace "Firestarter" {inner flame, rF++}
     1 | D        | Found a transporter.
     1 | D        | Found a viscous altar of Jiyva.
     1 | D        | Found an ancient bone altar of Kikubaaqudgha.
     1 | D        | Found a hazy altar of Hepliaklqana.
     1 | D        | Found a corrupted altar of Lugonu.
     1 | D        | Found an opulent altar of Gozag.
     1 | D        | Found a burning altar of Makhleb.
    18 | D        | Found a stormy altar of Qazlal.
    18 | D        | Found an iron altar of Okawaru.
    18 | D        | Found a sacrificial altar of Ru.
    18 | D        | Found a sparkling altar of Nemelex Xobeh.
    18 | D        | Found a shimmering blue altar of Sif Muna.
    18 | D        | Found a bloodstained altar of Trog.
    28 | D        | Found the +9 heavy crossbow "Sniper" {velocity, Acc+∞ SInv}
    28 | D        | Found the +10 dark maul {crush}
    28 | D        | Found the +15 Maxwell's patent armour {-Cast -Tele rElec
                  | MR+ rCorr}
    28 | D        | Found the +18 shield of the Gong {rElec rN+ MR+ EV-5}
    28 | D        | Found the cursed +14 obsidian axe {chop, +Fly SInv *Curse}
   112 | D        | Entered arena 2.
   112 | D        | Noticed a scorpion
   112 | D        | Noticed a jumping spider
   112 | D        | Found a transporter.
   116 | D        | Killed a scorpion
   116 | D        | Reached skill level 5 in Fighting
   116 | D        | Reached XP level 2. HP: 21/21 MP: 2/2
   116 | D        | Reached XP level 3. HP: 26/26 MP: 3/3
   119 | D        | Killed a jumping spider
   119 | D        | Reached skill level 5 in Dodging
   119 | D        | Reached XP level 4. HP: 34/34 MP: 4/4
   119 | D        | Reached XP level 5. HP: 38/38 MP: 5/5
   119 | D        | Reached XP level 6. HP: 44/44 MP: 6/6
   268 | D        | Entered arena 3.
   268 | D        | Found a transporter.
   271 | D        | Reached ** piety under Trog
   328 | D        | Entered arena 4.
   328 | D        | Noticed a porcupine
   328 | D        | Found a transporter.
   337 | D        | Reached *** piety under Trog
   341 | D        | Reached XP level 7. HP: 48/50 MP: 7/7
   363 | D        | Entered arena 5.
   363 | D        | Found a transporter.
   369 | D        | Reached **** piety under Trog
   379 | D        | Entered arena 6.
   379 | D        | Found a transporter.
   383 | D        | Reached ***** piety under Trog
   394 | D        | Got the amulet of Obby {Acrobat rF+ Int+4 Dex-2 SInv}
   398 | D        | Entered arena 7.
   398 | D        | Noticed a draconian
   398 | D        | Noticed a draconian
   398 | D        | Noticed a draconian
   398 | D        | Noticed a draconian
   398 | D        | Noticed a draconian
   398 | D        | Noticed a green draconian
   399 | D        | Found a transporter.
   409 | D        | Killed a draconian
   409 | D        | Reached skill level 10 in Fighting
   409 | D        | Reached XP level 8. HP: 57/57 MP: 8/8
   410 | D        | Killed a draconian
   410 | D        | Reached skill level 10 in Armour
   413 | D        | Killed a draconian
   413 | D        | Reached XP level 9. HP: 64/64 MP: 9/9
   416 | D        | Killed a draconian
   419 | D        | Killed a draconian
   419 | D        | Reached skill level 10 in Axes
   428 | D        | Killed a green draconian
   428 | D        | Reached XP level 10. HP: 72/72 MP: 10/10
   485 | D        | Got the ring "Purhifimn" {Wiz Str-2 Dex+9 Stlth-}
   489 | D        | Entered arena 8.
   490 | D        | Found a transporter.
   496 | D        | Received a gift from Trog
   496 | D        | Received a gift from Trog
   499 | D        | Reached ****** piety under Trog
   499 | D        | Reached skill level 10 in Dodging
   510 | D        | Got a bone war axe {god gift}
   511 | D        | Identified the +11 war axe "Hydraslayer" {chaos, *Corrode
                  | rElec rPois Str+7} (Trog gifted it to you in the Dungeon)
   530 | D        | Entered arena 9.
   530 | D        | Noticed a black mamba
   530 | D        | Noticed a naga mage
   530 | D        | Noticed a black mamba
   531 | D        | Identified the +9 hand crossbow "Busil" {speed, *Drain
                  | Str+2 Int+8 Dex+3}
   531 | D        | Found a transporter.
   537 | D        | Killed a black mamba
   538 | D        | Killed a black mamba
   540 | D        | Received a gift from Trog
   544 | D        | Killed a naga mage
   579 | D        | Entered arena 10.
   580 | D        | Found a transporter.
   581 | D        | Paralysed by a floating eye for 4 turns
   586 | D        | Received a gift from Trog
   597 | D        | Got the ring of Jyguen {Ice rElec rN++ Str-2 Slay+4}
   599 | D        | Got the ring "Gukhlos" {*Corrode rElec MP+9 EV+5 SInv}
   603 | D        | Entered arena 11.
   603 | D        | Noticed a naga mage
   603 | D        | Noticed a black mamba
   603 | D        | Noticed a black mamba
   603 | D        | Noticed a naga mage
   603 | D        | Noticed a black mamba
   605 | D        | Found a transporter.
   609 | D        | Killed a black mamba
   609 | D        | Killed a black mamba
   612 | D        | Received a gift from Trog
   614 | D        | Killed a naga mage
   614 | D        | Reached XP level 11. HP: 80/80 MP: 11/11
   629 | D        | Got the ring "Zuaczix" {rC+ rCorr Int+4}
   661 | D        | Entered arena 12.
   661 | D        | Noticed a ghoul
   662 | D        | Noticed a soul eater
   662 | D        | Noticed a ghoul
   663 | D        | Found the +9 scales of the Dragon King {rPois rF+ rC+ MR+}
   666 | D        | Received a gift from Trog
   674 | D        | Killed a ghoul
   675 | D        | Killed a ghoul
   675 | D        | Reached skill level 15 in Fighting
   677 | D        | Killed a soul eater
   677 | D        | Reached skill level 15 in Armour
   679 | D        | Killed a soul eater
   682 | D        | Found a transporter.
   708 | D        | Got the ring of Imalubas {rElec Int+3}
   772 | D        | Entered arena 13.
   772 | D        | Noticed a large abomination
   772 | D        | Noticed a thrashing horror
   772 | D        | Noticed a tentacled starspawn
   775 | D        | Found a transporter.
   776 | D        | Received a gift from Trog
   778 | D        | Killed a large abomination
   780 | D        | Killed a thrashing horror
   780 | D        | Received a gift from Trog
   782 | D        | Killed a tentacled starspawn
   782 | D        | Reached XP level 12. HP: 88/88 MP: 12/12
   819 | D        | Got the cursed ring "Ciboab" {Str-5 Int+2}
   829 | D        | Entered arena 14.
   830 | D        | Noticed a greater mummy
   830 | D        | Noticed a mummy priest
   830 | D        | Noticed a mummy priest
   831 | D        | Found the +3 Elemental Staff {rElec rF++ rC++ MR++ AC+5}
   831 | D        | Identified the cursed +1 mace of the Hand {flame, rPois
                  | Dex+5}
   832 | D        | Found a transporter.
   833 | D        | Noticed an emperor scorpion
   839 | D        | Killed a mummy priest
   844 | D        | Noticed a jiangshi
   844 | D        | Received a gift from Trog
   850 | D        | Noticed a death scarab
   850 | D        | Noticed a death scarab
   851 | D        | Killed a greater mummy
   852 | D        | Killed a mummy priest
   852 | D        | Noticed a reaper
   991 | D        | Entered arena 15.
   993 | D        | Noticed an entropy weaver
   995 | D        | Received a gift from Trog
  1002 | D        | Received a gift from Trog
  1002 | D        | Reached skill level 15 in Axes
  1006 | D        | Received a gift from Trog
  1007 | D        | Killed an entropy weaver
  1007 | D        | Reached XP level 13. HP: 97/97 MP: 13/13
  1013 | D        | Found a transporter.
  1024 | D        | Got the ring of Agnosticism {*Drain Str+6 Int+2 SInv}
  1090 | D        | Entered arena 16.
  1091 | D        | Noticed a ghoul
  1093 | D        | Found a transporter.
  1098 | D        | Received a gift from Trog
  1107 | D        | Received a gift from Trog
  1108 | D        | Killed a ghoul
  1247 | D        | Entered arena 17.
  1250 | D        | Noticed an azure jelly
  1250 | D        | Noticed a great orb of eyes
  1251 | D        | Noticed a death ooze
  1251 | D        | Noticed an azure jelly
  1251 | D        | Noticed a great orb of eyes
  1251 | D        | Noticed a death ooze
  1251 | D        | Noticed an acid blob
  1253 | D        | Found a transporter.
  1260 | D        | Killed an azure jelly
  1263 | D        | Killed an acid blob
  1264 | D        | Received a gift from Trog
  1265 | D        | Killed a great orb of eyes
  1267 | D        | Killed a death ooze
  1267 | D        | Reached skill level 15 in Dodging
  1271 | D        | Killed a death ooze
  1271 | D        | Received a gift from Trog
  1273 | D        | Killed a great orb of eyes
  1373 | D        | Entered arena 18.
  1375 | D        | Noticed a starcursed mass
  1377 | D        | Received a gift from Trog
  1381 | D        | Noticed a tentacled starspawn
  1393 | D        | Received a gift from Trog
  1398 | D        | Killed a tentacled starspawn
  1398 | D        | Received a gift from Trog
  1461 | D        | Found a transporter.
  1558 | D        | Entered arena 19.
  1561 | D        | Identified the +5 morningstar of Pirchuogg {drain, +Blink
                  | rC+}
  1561 | D        | Noticed a balrug
  1562 | D        | Identified the +6 shortbow of Gozag's Benevolence {speed,
                  | +Blink}
  1562 | D        | Noticed a reaper
  1572 | D        | Received a gift from Trog
  1574 | D        | Gained mutation: Your large and strong wings let you fly
                  | indefinitely. [Gargoyle growth]
  1574 | D        | Reached XP level 14. HP: 84/106 MP: 14/14
  1575 | D        | Killed a balrug
  1575 | D        | Received a gift from Trog
  1586 | D        | Killed a reaper
  1587 | D        | Found a transporter.
  1751 | D        | Entered arena 20.
  1756 | D        | Noticed a ghost moth
  1756 | D        | Noticed a ghost moth
  1757 | D        | Found the amulet of the Four Winds {rN+ MR+++ Clar}
  1757 | D        | Noticed an entropy weaver
  1758 | D        | Found a transporter.
  1762 | D        | Received a gift from Trog
  1765 | D        | Killed a ghost moth
  1767 | D        | Received a gift from Trog
  1769 | D        | Killed an entropy weaver
  1773 | D        | Killed a ghost moth
  1773 | D        | Received a gift from Trog
  1824 | D        | Got the ring "Pephozac" {+Fly rElec MR+ Str+5 Int-3 Dex+2}
  1827 | D        | Got the ring of Alaojenn {rElec AC+6 Int-2 Dex+4}
  1883 | D        | Entered arena 21.
  1887 | D        | Noticed a glowing shapeshifter
  1888 | D        | Found the +2 robe of Vines {NoPotionHeal Regen+7}
  1888 | D        | Noticed a shard shrike
  1888 | D        | Noticed a shard shrike
  1888 | D        | a glowing shapeshifter changed into a shard shrike
  1889 | D        | Noticed a juggernaut
  1889 | D        | Noticed an emperor scorpion
  1889 | D        | an emperor scorpion changed into a death yak
  1889 | D        | Noticed a titan
  1889 | D        | a shard shrike changed into a titan
  1889 | D        | Noticed a juggernaut
  1889 | D        | a shard shrike changed into a juggernaut
  1889 | D        | Noticed a shard shrike
  1890 | D        | Noticed a fire giant
  1890 | D        | an alligator snapping turtle changed into a fire giant
  1891 | D        | Noticed a shard shrike
  1891 | D        | a juggernaut changed into a shard shrike
  1891 | D        | Paralysed by a floating eye for 4 turns
  1894 | D        | Noticed an iron giant
  1894 | D        | a fire giant changed into an iron giant
  1895 | D        | Noticed a ghost moth
  1895 | D        | a satyr changed into a ghost moth
  1895 | D        | Noticed a caustic shrike
  1895 | D        | a shard shrike changed into a caustic shrike
  1897 | D        | Received a gift from Trog
  1897 | D        | Noticed a quicksilver dragon
  1897 | D        | a caustic shrike changed into a quicksilver dragon
  1899 | D        | a ghost moth changed into a wolf spider
  1903 | D        | HP: 8/162 [shard shrike (glowing shapeshifter) (29)]
  1904 | D        | Mangled by a shard shrike (glowing shapeshifter)

Levels and vault maps discovered:
D:        sprint_v [room_start, room_1, room_2, room_3, room_4, room_5, room_6,
          room_7, room_8, room_9, room_10, room_11, room_12, room_13, room_14,
          room_15, room_16, room_17, room_18, room_19, room_20, room_21,
          room_22, room_23, room_24, room_25, room_26, room_27]

Skill      XL: |  1  2  3  4  5  6  7  8  9 10 11 12 13 14 |
---------------+-------------------------------------------+-----
Fighting       | 5 7 8 10 11 12 14 15 17 19 20 | 20.6
Axes           | 4 6 7 8 9 10 12 13 15 17 19 | 19.3
Armour         | 4 7 8 9 11 12 13 15 17 19 20 | 20.5
Dodging        | 3 5 6 7 8 9 11 12 14 15 16 | 16.5

Action                   |  1- 3 |  4- 6 |  7- 9 | 10-12 | 13-15 || total
-------------------------+-------+-------+-------+-------+-------++-------
Melee: Broad axe         |     6 |    14 |    44 |    16 |       ||    80
       War axe           |       |       |       |    92 |   115 ||   207
Invok: Berserk           |     1 |     1 |     1 |     6 |     6 ||    15
  Use: Scroll            |       |       |       |     2 |     1 ||     3
 Stab: Confused          |       |       |       |     2 |     2 ||     4
       Paralysed         |       |       |       |     3 |     1 ||     4
  Eat: Chunk             |       |       |       |     6 |     2 ||     8
       Ration            |       |       |       |     1 |     1 ||     2
Armor: Plate armour      |     6 |    22 |    41 |    73 |    92 ||   234
Dodge: Dodged            |       |       |     4 |    22 |    44 ||    70
Block: Shield            |    14 |    36 |    68 |   159 |   172 ||   449
